Map: [ESL] Babylon

Players

SCV

  • Race: Protoss Protoss
  • Spawn Location: 11:00

Rex - Winner!

  • Race: Zerg Zerg
  • Spawn Location: 5:00

Event: ESL SC2 Masters 2023 Summer (Regionals)

VOD

Have the link to the VOD?

Description

Time

  • Played on: May 12, 2023, 8:11 a.m.
  • Length: 12:23

All games in this series

Show
View Real Time Build Order
Export as new Build Order

SCV Protoss 

Build Orders: 1 Gate Expand 

Get SALT Encoding   

  12  0:00  Probe  
  13  0:12  Probe  
  14  0:20  Pylon  
  14  0:24  Probe  
  15  0:38  Probe (Chrono Boost)  
  15  0:40  Gateway  
  16  0:47  Probe (Chrono Boost)  
  16  0:48  Assimilator  
  17  0:53  Probe (Chrono Boost)  
  18  1:05  Probe  
  19  1:17  Probe  
  20  1:25  Nexus  
  20  1:35  Cybernetics Core  
  20  1:37  Probe  
  21  1:42  Assimilator  
  21  1:49  Probe  
  21  1:53  Pylon  
  22  2:01  Probe  
  23  2:09  Adept (Chrono Boost)  
  23  2:12  Warp Gate (Chrono Boost)  
  23  2:14  Probe  
  26  2:19  Twilight Council  
  26  2:27  Probe (Chrono Boost)  
  27  2:32  Stalker  
  29  2:37  Probe (Chrono Boost)  
  29  2:39  Probe (Chrono Boost)  
  31  2:47  Probe x2 (Chrono Boost)  
  33  2:52  Probe x2 (Chrono Boost)  
  33  2:56  Gateway  
  35  3:03  Probe  
  35  3:05  Probe  
  37  3:08  Gateway  
  37  3:16  Probe  
  37  3:17  Probe  
  37  3:19  Adept  
  40  3:36  Probe x2  
  42  3:45  Gateway  
  42  3:47  Pylon  
  40  3:50  Probe  
  40  3:53  Adept  
  42  3:57  Adept  
  42  4:01  Probe  
  46  4:02  Probe  
  46  4:10  Robotics Facility  
  46  4:14  Adept  
  48  4:19  Probe x2, Pylon  
  48  4:23  Resonating Glaives (Chrono Boost)  
  50  4:26  Gateway  
  50  4:29  Gateway  
  50  4:34  Gateway  
  50  4:37  Assimilator  
  50  4:39  Probe x2  
  50  4:43  Pylon  
  50  4:45  Adept x2  
  56  4:50  Adept  
  58  4:55  Pylon  
  58  4:56  Warp Prism (Chrono Boost)  
  60  5:08  Adept x2  
  60  5:11  Adept  
  60  5:14  Pylon  
  66  5:21  Adept  
  66  5:23  Adept  
  66  5:26  Probe x2  
  66  5:27  Assimilator  
  72  5:33  Pylon  
  72  5:43  Adept, Robotics Bay  
  72  5:44  Adept  
  76  5:58  Pylon, Stalker  
  76  5:59  Adept x2  
  76  6:00  Adept  
  76  6:02  Observer (Chrono Boost)  
  85  6:07  Pylon  
  85  6:09  Probe  
  86  6:30  Blink (Chrono Boost)  
  86  6:31  Disruptor (Chrono Boost), Pylon  
  86  6:33  Nexus  
  86  6:36  Gravitic Drive  
  86  6:37  Observer  
  89  6:44  Pylon  
  89  6:45  Probe x2  
  91  6:51  Forge  
  91  6:57  Probe x2, Disruptor (Chrono Boost)  
  96  7:09  Probe x2  
  96  7:14  Gateway  
  98  7:16  Gateway, Protoss Ground Weapons Level 1  
  98  7:21  Probe x2  
  100  7:22  Colossus (Chrono Boost)  
  106  7:33  Extended Thermal Lance  
  106  7:47  Probe x2 (Chrono Boost)  
  106  7:48  Probe (Chrono Boost)  
  106  7:50  Stalker x4  
  117  7:53  Stalker  
  120  7:59  Probe (Chrono Boost)  
  120  8:05  Probe x2 (Chrono Boost), Pylon  
  122  8:06  Probe (Chrono Boost)  
  122  8:11  Probe (Chrono Boost)  
  124  8:15  Stalker x3  
  130  8:24  Probe x3  
  130  8:25  Assimilator  
  131  8:30  Assimilator  
  131  8:31  Pylon  
  131  8:36  Colossus (Chrono Boost)  
  134  8:43  Stalker x3  
  134  8:46  Pylon  
  140  8:49  Charge  
  140  8:54  Probe, Photon Cannon  
  141  9:08  Pylon  
  141  9:12  Colossus (Chrono Boost)  
  141  9:13  Nexus  
  147  9:20  Pylon  
  147  9:29  Protoss Ground Weapons Level 2 (Chrono Boost)  
  147  9:30  Robotics Facility  
  147  9:33  Shield Battery  
  147  9:37  Probe x3  
  147  9:38  Shield Battery  
  150  9:45  Photon Cannon  
  150  9:46  Shield Battery  
  150  9:49  Probe x3, Disruptor (Chrono Boost), Pylon  
  156  10:01  Probe x3  
  156  10:05  Templar Archives  
  157  10:13  Zealot x4, Photon Cannon  
  159  10:16  Sentry  
  159  10:17  Disruptor, Sentry  
  159  10:18  Sentry  
  168  10:25  Probe x3, Disruptor  
  174  10:37  Assimilator  
  174  10:39  Probe x2  
  174  10:40  Assimilator  
  168  10:44  Photon Cannon  
  168  10:46  High Templar x2  
  168  10:49  Probe  
  173  10:52  Archon  
  173  10:53  Photon Cannon  
  176  11:00  Zealot x6  
  176  11:01  Disruptor  
  191  11:04  Dark Shrine  
  191  11:18  Probe x3  
  152  11:29  Stalker x7  
  152  11:32  Stalker  
  165  11:37  Probe  
  165  11:38  Probe  
  155  11:46  Probe x2  
  67  12:09  Stalker x5  
Show
View Real Time Build Order
Export as new Build Order

Rex Zerg - Winner!

Build Orders: Hatch First 

Get SALT Encoding   

  12  0:00  Drone  
  13  0:12  Overlord  
  13  0:16  Drone  
  14  0:30  Drone x2  
  14  0:35  Drone  
  17  0:40  Extractor  
  16  0:49  Drone  
  17  0:56  Drone  
  18  1:02  Hatchery  
  17  1:16  Spawning Pool  
  16  1:18  Drone  
  16  1:22  Drone  
  18  1:27  Drone  
  19  1:39  Drone  
  20  1:50  Overlord  
  20  2:02  Queen  
  20  2:06  Metabolic Boost  
  22  2:12  Zergling x4  
  22  2:13  Queen  
  22  2:14  Zergling x2  
  27  2:24  Zergling x2  
  27  2:26  Zergling x2  
  29  2:41  Hatchery  
  28  2:47  Drone x4  
  32  2:56  Queen  
  34  3:00  Overlord  
  34  3:03  Drone  
  34  3:16  Drone  
  34  3:18  Drone  
  34  3:19  Drone x2  
  38  3:23  Drone x3  
  38  3:24  Drone  
  41  3:28  Drone x2  
  41  3:29  Drone  
  44  3:34  Overlord  
  44  3:39  Overlord  
  43  3:45  Drone, Roach Warren  
  43  3:48  Drone  
  43  3:53  Drone, Overlord  
  43  3:54  Drone  
  46  4:02  Drone  
  46  4:07  Extractor, Zergling x10  
  50  4:12  Zergling x6  
  50  4:16  Extractor  
  51  4:17  Zergling x4  
  51  4:22  Overlord  
  53  4:30  Roach x4  
  62  4:31  Roach  
  62  4:35  Spine Crawler  
  62  4:37  Zergling x4  
  62  4:38  Zergling x2  
  66  4:41  Overlord  
  66  4:46  Roach, Zergling x2  
  66  4:49  Zergling x4  
  66  4:51  Zergling x2  
  72  4:53  Zergling x2  
  72  4:58  Zergling x6  
  77  5:07  Zergling x10  
  77  5:13  Spore Crawler  
  80  5:15  Drone x2  
  80  5:16  Drone, Spore Crawler  
  80  5:18  Drone  
  80  5:20  Drone  
  84  5:23  Ravager x2  
  84  5:27  Lair  
  86  5:29  Drone  
  86  5:32  Spore Crawler  
  86  5:35  Drone x2  
  88  5:38  Zergling x4  
  90  5:45  Overlord x2  
  88  5:54  Overlord  
  88  5:55  Overlord  
  85  5:58  Extractor, Drone x2, Zergling x2  
  85  6:00  Roach  
  85  6:03  Overlord  
  89  6:04  Overlord  
  89  6:13  Roach x4  
  89  6:15  Drone  
  97  6:19  Drone x3  
  99  6:25  Drone, Glial Reconstitution  
  99  6:27  Drone x2  
  99  6:31  Drone  
  99  6:32  Drone  
  103  6:34  Baneling Nest  
  103  6:35  Overseer  
  103  6:38  Roach x2  
  106  6:40  Drone x2  
  106  6:44  Drone x3  
  106  6:46  Roach  
  113  6:54  Roach x3  
  119  6:59  Queen  
  119  7:09  Drone  
  119  7:10  Drone x2  
  119  7:11  Extractor  
  119  7:13  Roach  
  119  7:14  Roach x3  
  128  7:23  Drone x3  
  129  7:30  Centrifugal Hooks  
  129  7:31  Overlord x4  
  129  7:36  Evolution Chamber  
  128  7:38  Drone x2  
  128  7:42  Overlord x3  
  128  7:43  Extractor  
  128  7:44  Overlord  
  129  7:50  Baneling  
  129  7:51  Baneling x11  
  128  8:00  Roach x4  
  136  8:06  Roach x3, Zergling x4  
  135  8:18  Zergling x14  
  139  8:23  Zergling x2  
  140  8:27  Zerg Melee Weapons Level 1  
  140  8:36  Drone x7  
  140  8:37  Drone  
  140  8:38  Drone  
  140  8:39  Drone  
  140  8:41  Drone, Hatchery  
  145  8:43  Drone  
  145  8:44  Drone  
  147  8:50  Drone x2  
  149  8:55  Infestation Pit  
  149  8:58  Zergling x8  
  149  9:01  Baneling x8  
  149  9:02  Baneling  
  152  9:03  Baneling x2  
  152  9:04  Baneling  
  152  9:10  Zergling x8  
  156  9:20  Zergling x10  
  161  9:25  Zergling x4  
  161  9:31  Overlord  
  163  9:32  Zergling x4  
  163  9:33  Ravager x4  
  163  9:37  Hatchery  
  168  9:42  Zergling x12  
  174  9:49  Baneling x10  
  174  9:50  Baneling x2  
  173  9:57  Hive  
  173  9:58  Zergling x4  
  175  10:00  Drone  
  175  10:01  Drone  
  175  10:03  Drone x2  
  175  10:04  Drone  
  175  10:06  Drone  
  178  10:13  Baneling  
  178  10:14  Baneling x10  
  177  10:17  Spore Crawler  
  177  10:18  Zergling x10  
  181  10:24  Baneling x5  
  181  10:25  Baneling x6  
  181  10:27  Zergling x4  
  181  10:28  Zergling x2  
  184  10:38  Zergling x2  
  184  10:39  Zergling x16  
  189  10:50  Zergling x18  
  189  10:56  Zergling x4  
  200  10:58  Baneling x10  
  196  11:13  Zergling x24  
  196  11:18  Zergling x8  
  187  11:28  Zergling x10  
  189  11:33  Baneling x10  
  189  11:34  Baneling  
  189  11:39  Zergling x10  
  188  11:42  Zergling x6  
  188  11:45  Zergling x4  
  170  11:56  Zergling x14  
  136  12:04  Zergling x12  
  136  12:06  Drone  
Tags
 
Add a new tag
Caveats
  • Supply blocks, unpowered buildings, or Contaminate may cause inaccurate times.
  • Supply counts are checked every 10 seconds.